 Dungeon Crawl Stone Soup version 0.27-a0-789-g6bb3289e1e (webtiles) character file.

Game seed: 11764630313740919312

275 jabarkas the Ducker (level 6, 0/47 HPs)
             Began as a Djinni Gladiator on Mar 26, 2021.
             Was an Initiate of Ashenzari.
             Slain by a mummy (5 damage)
             ... in an ossuary.
             The game lasted 00:11:04 (3355 turns).

jabarkas the Ducker (Djinni Gladiator)              Turns: 3355, Time: 00:11:05

Health: 0/47       AC: 10    Str: 20    XL:     6   Next: 24%
Gold:   71         EV: 13    Int: 10    God:    Ashenzari [......] SH:  0 Dex: 15

rFire    + + .     SeeInvis .   a - +0 long sword
rCold    x . .     Faith    .   (no shield)
rNeg     . . .     Spirit   .   e - +1 leather armour {rPois}
rPois    ∞         Reflect  .   c - +0 helmet
rElec    .         Harm     .   (no cloak)
rCorr    .         Rampage  .   g - +0 pair of gloves
Will     .....                  (boots unavailable)
Stlth    +.........             q - amulet "At What Cost Knowledge?" {Acrobat, Self, Fort} (curse)
HPRegen  0.15/turn              n - +6 ring of strength
MPRegen  0.00/turn              s - +4 ring of protection

@: flying
A: fire resistance 2, cold vulnerability 1, float, innate caster, hp casting,
extra vitality 1
a: Renounce Religion, Shatter the Chains


You were in an ossuary.
You worshipped Ashenzari.
Ashenzari was noncommittal.
You visited 1 branch of the dungeon, and saw 4 of its levels.
You also visited: Ossuary.

You collected 92 gold pieces.
You spent 21 gold pieces at shops.

Inventory:

Hand Weapons
 a - a +0 long sword (weapon)
Missiles
 d - 4 throwing nets
 h - 33 stones (quivered)
Armour
 c - a +0 helmet (worn)
 e - a +1 leather armour of poison resistance (worn)
 g - a +0 pair of gloves (worn)
Jewellery
 n - a +6 ring of strength (right hand)
 q - the cursed amulet "At What Cost Knowledge?" (around neck) {Acrobat, Self, Fort}
   (You found it on level 3 of the Dungeon)

   [amulet of the acrobat]

   It helps you evade while moving and waiting.
   It has a curse which improves the following skills: Introspection: Fighting
   and Spellcasting.
   Fortitude: Armour and Shields.
 s - a +4 ring of protection (left hand)
Scrolls
 k - 5 scrolls of identify
 l - a scroll of summoning
 o - a scroll of immolation
Potions
 b - a potion of degeneration
 f - a potion of lignification
 j - a potion of invisibility
 m - 3 potions of curing
 p - a potion of cancellation
 r - a potion of might


   Skills:
 + Level 3.3(3.8) Fighting
 * Level 4.4 Long Blades
 - Level 1.5 Throwing
 + Level 4.5 Dodging
 + Level 1.6(2.0) Spellcasting


You had 6 spell levels left.
You knew the following spells:

 Your Spells              Type           Power      Damage    Failure   Level
a - Corona                Hex            5%         N/A       16%         1
b - Poisonous Vapours     Pois/Air       10%        N/A       24%         2
Your spell library was empty.

Dungeon Overview and Level Annotations

Branches:
Dungeon (4/15)            Ossuary (1/1)
 Temple: D:4-7

Altars:
Ashenzari
Sif Muna
Uskayaw
Wu Jian
Xom
Zin

Shops:
D:1 *   D:3 =

Annotations:
D:2 Sigmund


Innate Abilities, Weirdness & Mutations

You are immune to poison.
Your flesh is very heat resistant. (rF++)
You are vulnerable to cold. (rC-)
You float through the air rather than walking.
You learn spells naturally, not from books.
Your magical power is your life essence.
You have superior vitality. (+4 HP)


Message History

The stone hits the mummy but does no damage.
The mummy is almost destroyed.
Throw: 38 stones
Press: ? - help, Q - select action, (/) - cycle Shift-Dir - straight line, f/p - mummy
Aim: a mummy (almost destroyed, 74% to hit)
You throw a stone. The stone hits the mummy.
The mummy is almost destroyed.
Throw: 37 stones
Press: ? - help, Q - select action, (/) - cycle Shift-Dir - straight line, f/p - mummy
Aim: a mummy (almost destroyed, 74% to hit)
You throw a stone.
The stone hits the mummy but does no damage.
The mummy is almost destroyed.
Throw: 36 stones
Press: ? - help, Q - select action, (/) - cycle Shift-Dir - straight line, f/p - mummy
Aim: a mummy (almost destroyed, 74% to hit)
You throw a stone. The stone barely misses the mummy.
Throw: 35 stones
Press: ? - help, Q - select action, (/) - cycle Shift-Dir - straight line, f/p - mummy
Aim: a mummy (almost destroyed, 74% to hit)
You throw a stone.
The stone hits the mummy but does no damage.
The mummy is almost destroyed.
Throw: 34 stones
Press: ? - help, Q - select action, (/) - cycle Shift-Dir - straight line, f/p - mummy
Aim: a mummy (almost destroyed, 74% to hit)
You throw a stone. The stone hits the mummy.
The mummy is almost destroyed.
You hit the mummy but do no damage.
The mummy is almost destroyed.
The mummy barely misses you.
You hit the mummy but do no damage.
The mummy is almost destroyed.
You hit the mummy but do no damage.
The mummy is almost destroyed.
The mummy barely misses you.
You barely miss the mummy.
The mummy is almost destroyed.
The mummy hits you.
You die...

#.................
##................
##..(...........
#+##(.......##+
##......##
##....## #(...#
#M...# #@...#
#....# #....#
#....# #....#
#.∩∩.# ######


You could see a mummy.

Vanquished Creatures
  2 hounds (D:4)
  A centaur skeleton (D:4)
  Terence (D:2)
  6 mummies (Ossuary)
  An adder (D:4)
  An adder skeleton (D:4)
  4 dart slugs
  8 orcs (D:3)
  2 bats
  2 endoplasms (D:4)
  3 giant cockroaches
  2 goblins
  3 hobgoblins
  2 jackals (D:4)
  3 quokkas (D:1)
  2 ball pythons
  A frilled lizard (D:3)
  A gnoll zombie (Ossuary)
  2 hobgoblin zombies (Ossuary)
  7 kobolds
  3 kobold zombies (Ossuary)
  2 orc zombies (Ossuary)
  6 rats
65 creatures vanquished.

Notes
Turn   | Place    | Note
-------+----------+-------------------------------------------
     0 | D:1      | jabarkas the Djinni Gladiator began the quest for the Orb.
     0 | D:1      | Reached XP level 1. HP: 18/18 MP: 0/0
   297 | D:1      | Reached XP level 2. HP: 23/23 MP: 0/0
   519 | D:1      | Found Dygom's Assorted Antiques.
   580 | D:1      | Bought a bubbling silvery potion for 21 gold pieces
   732 | D:1      | Reached XP level 3. HP: 29/29 MP: 0/0
   732 | D:1      | Learned a level 1 spell: Corona
  1495 | D:2      | Noticed Sigmund
  1710 | D:2      | Noticed Terence
  1729 | D:2      | Killed Terence
  1730 | D:2      | Reached XP level 4. HP: 18/34 MP: 0/0
  1880 | D:3      | Found an ornate altar of the Wu Jian Council.
  1921 | D:3      | Found a shimmering altar of Xom.
  1958 | D:3      | Found a faded altar of an unknown god.
  1973 | D:3      | Found a glowing silver altar of Zin.
  2042 | D:3      | Found a broken altar of Ashenzari.
  2176 | D:3      | Became a worshipper of Ashenzari the Shackled
  2656 | D:3      | Found Pemyuno's Jewellery Shoppe.
  3093 | D:4      | Reached skill level 1 in Spellcasting
  3093 | D:4      | Reached XP level 5. HP: 28/40 MP: 0/0
  3093 | D:4      | Learned a level 2 spell: Poisonous Vapours
  3118 | D:4      | Found a hide-covered altar of Uskayaw.
  3243 | D:4      | Found a sand-covered staircase.
  3248 | Ossuary  | Entered an ossuary
  3284 | Ossuary  | Reached XP level 6. HP: 29/47 MP: 0/0
  3335 | Ossuary  | HP: 1/47 [mummy (13)]
  3355 | Ossuary  | Slain by a mummy

Illustrated notes

Levels and vault maps discovered:
D:1:      roderic_dead_forest, layout_loops_corners, serial_shops, shop
D:2:      layout_basic, nicolae_sif_muna_little_library, chequers_mini_garden,
          uniq_terence, uniq_sigmund, uniq_crazy_yiuf_cottage
D:3:      lemuel_upstairs_altar, layout_basic, old_standard_altar,
          cheibrodos_ashenzari_chains, lemuel_crystal_altar, zin_statuary,
          serial_shops, shop, chequers_ecumenical_altar_simple
D:4:      layout_basic, grunt_temple_overflow_lords_of_destruction,
          lemuel_round_altar, nicolae_ossuary_entry_plus, portal_sewer_entry_f,
          serial_glass, glass_columns_a, glass_columns_a, glass_columns_a,
          glass_columns_a, glass_columns_a, glass_columns_a
Ossuary:  ossuary_tomb_3

Skill      XL: |  1  2  3  4  5 |
---------------+----------------+-----
Long Blades    | 3 4 |  4.4
Dodging        | 4 |  4.5
Spellcasting   | 1 |  1.6
Fighting       | 3 |  3.3
Throwing       | |  1.5

Action                   |  1- 3 |  4- 6 || total
-------------------------+-------+-------++-------
Melee: Long sword        |    65 |   104 ||   169
Throw: Stone             |     5 |     8 ||    13
 Cast: Corona            |     1 |     2 ||     3
       Poisonous Vapours |       |     1 ||     1
Invok: Curse Item        |       |     1 ||     1
  Use: Scroll            |       |     1 ||     1
       Potion            |       |     2 ||     2
 Stab: Distracted        |       |     1 ||     1
Armor: Leather armour    |    21 |    27 ||    48
Dodge: Dodged            |    44 |    69 ||   113
       Rpst.: Long sword |    18 |    19 ||    37

Table legend: (Time is in decaauts)
 A = Elapsed time spent in this place.
 B = Non-inter-level travel time spent in this place.
 C = Inter-level travel time spent in this place.
 D = Time resting spent in this place.
 E = Time spent auto-exploring this place.
 F = Levels seen in this place.
 G = Mean time per level.
                   A        B        C        D        E       F      G
               +--------+--------+--------+--------+--------+-----+--------+
         Total |   3391 |   3216 |    175 |    460 |   1780 |   5 |  678.2 |
       Dungeon |   3277 |   3102 |    175 |    460 |   1780 |   4 |  819.2 |
       Ossuary |    113 |    113 |      0 |      0 |      0 |   1 |  113.0 |
               +--------+--------+--------+--------+--------+-----+--------+

Top non-repeatable levels by time:
     D:3: 1255 daAuts
     D:1: 1245 daAuts
     D:2: 585 daAuts
     D:4: 192 daAuts
 Ossuary: 113 daAuts
